 Dungeon Crawl Stone Soup version 0.28.0-53-g5a82cb258f (webtiles) character file.

Game seed: 18163518366501459004

393 Peloso the Covered (level 6, -5/55 HPs)
             Began as a Minotaur Fighter on July 7, 2022.
             Slain by an acid dragon (8 damage)
             ... on level 5 of the Dungeon.
             The game lasted 00:06:07 (4188 turns).

Peloso the Covered (Minotaur Fighter)               Turns: 4188, Time: 00:06:08

Health: -5/55      AC:  5    Str: 20    XL:     6   Next: 51%
Magic:  5/5        EV:  6    Int:  5    God:
Gold:   207        SH:  5    Dex: 12    Spells: 5/5 levels left

rFire   . . .      SeeInvis .   a - +1 long sword
rCold   . . .      Faith    .   c - +0 buckler
rNeg    . . .      Spirit   .   j - +0 plate armour
rPois   .          Reflect  .   (helmet restricted)
rElec   .          Harm     .   k - +0 cloak
rCorr   .          Rampage  .   (no gloves)
Will    .....                   (no boots)
Stlth   ..........              (no amulet)
HPRegen 0.18/turn               (no ring)
MPRegen 0.09/turn               (no ring)

@: about to teleport, corroded, hasted, very quick
A: horns 2, retaliatory headbutt
a: no special abilities


You were on level 5 of the Dungeon.
You visited 1 branch of the dungeon, and saw 5 of its levels.

You collected 207 gold pieces.

Inventory:

Hand Weapons
 a - a +1 long sword (weapon)
Armour
 b - a +0 scale mail
 c - a +0 buckler (worn)
 j - a +0 plate armour (worn)
 k - a +0 cloak (worn)
Wands
 m - a wand of polymorph (7)
 q - a wand of charming (14)
Scrolls
 f - a scroll of acquirement
 g - a scroll of amnesia
 h - a scroll of noise {unknown}
 o - a scroll of teleportation
 p - a scroll of enchant weapon
 s - a scroll of fear {unknown}
 t - a scroll of magic mapping {unknown}
Potions
 d - 4 potions of might
 i - a potion of mutation
 r - a potion of haste


   Skills:
 + Level 4.8 Fighting
 + Level 5.6 Long Blades
 + Level 5.6 Armour
 + Level 0.9 Dodging
 + Level 4.4 Shields
 + Level 0.7 Unarmed Combat


You had 5 spell levels left.
You didn't know any spells.
Your spell library was empty.

Dungeon Overview and Level Annotations

Branches:
Dungeon (5/15)
 Temple: D:4-7

Altars:


Innate Abilities, Weirdness & Mutations

You have a pair of horns on your head.
You reflexively headbutt those who attack you in melee.


Message History

You block the ogre's attack.
You barely miss the acid dragon.
The acid dragon is lightly wounded.
The acid dragon bites you but does no damage.
The acid dragon closely misses you. The ogre hits you with a +0 giant club.
The acid dragon spits acid at you. The splash of acid hits you!
The acid corrodes you!
You barely miss the acid dragon.
The acid dragon is lightly wounded.
The acid dragon bites you but does no damage.
The acid dragon claws you but does no damage.
Unknown command.
Okay, then.
As you read the scroll of teleportation, it crumbles to dust.
You feel strangely unstable. The ogre hits you with a +0 giant club!
* * * LOW HITPOINT WARNING * * *
The acid dragon bites you.
* * * LOW HITPOINT WARNING * * *
The acid dragon claws you but does no damage.
Unknown command.
It was a potion of haste.
You feel yourself speed up. You block the ogre's attack.
The acid dragon bites you but does no damage.
The acid dragon claws you.
* * * LOW HITPOINT WARNING * * *
You feel better. The ogre barely misses you.
You closely miss the acid dragon.
The acid dragon is lightly wounded.
The acid dragon barely misses you.
The acid dragon claws you but does no damage.
You hit the acid dragon. Your headbutt misses the acid dragon.
The acid dragon is lightly wounded.
The acid dragon bites you!
* * * LOW HITPOINT WARNING * * *
The acid dragon barely misses you. You block the ogre's attack.
Unknown command.
You hit the acid dragon. Your headbutt misses the acid dragon.
The acid dragon is moderately wounded.
The acid dragon bites you!
You die...

##.......>.##
#...........#
#...........#
#.......<...#
##.........##
##.........#
##.....####...
#..D.######..##
##..#@O......##
#..#######.(#
#..# #.## #.#
#.# #...#
......#
#.....D.


You could see an acid dragon and an ogre.

Vanquished Creatures
  A steam dragon (D:4)
  A jelly (D:4)
  Crazy Yiuf (D:3)
  An iguana (D:4)
  Ijyb (D:3)
  Robin (D:2)
  2 adders
  2 worms
  5 dart slugs
  6 orcs (D:3)
  7 endoplasms
  2 giant cockroaches (D:3)
  17 goblins
  4 hobgoblins
  A quokka (D:1)
  5 ball pythons
  7 bats
  4 frilled lizards
  10 kobolds
  8 rats
86 creatures vanquished.

Notes
Turn   | Place    | Note
-------+----------+-------------------------------------------
     0 | D:1      | Peloso the Minotaur Fighter began the quest for the Orb.
     0 | D:1      | Reached XP level 1. HP: 19/19 MP: 0/0
   385 | D:1      | Reached XP level 2. HP: 27/27 MP: 1/1
   451 | D:1      | Found a faded altar of an unknown god.
   728 | D:1      | Reached XP level 3. HP: 33/33 MP: 2/2
  1361 | D:2      | Noticed Robin
  1381 | D:2      | Killed Robin
  1390 | D:2      | Reached XP level 4. HP: 7/40 MP: 3/3
  2348 | D:3      | Noticed Ijyb
  2364 | D:3      | Killed Ijyb
  2553 | D:3      | Identified a scroll of acquirement
  2739 | D:3      | Found a runed translucent door.
  2740 | D:3      | Noticed Crazy Yiuf
  2810 | D:3      | Reached XP level 5. HP: 40/47 MP: 4/4
  2996 | D:3      | Killed Crazy Yiuf
  3222 | D:4      | Reached skill level 5 in Armour
  3440 | D:4      | Noticed a steam dragon
  3454 | D:4      | Killed a steam dragon
  3455 | D:4      | Reached skill level 5 in Long Blades
  3455 | D:4      | Reached XP level 6. HP: 34/55 MP: 5/5
  4140 | D:5      | Entered Level 5 of the Dungeon
  4162 | D:5      | Noticed an acid dragon
  4188 | D:5      | Slain by an acid dragon

Illustrated notes

Levels and vault maps discovered:
D:1:      lightli_arrival_windingriver, layout_loops_corners,
          ebering_ecumenical_altar_sacrificial
D:2:      layout_rooms, uniq_robin
D:3:      layout_loops_corners, uniq_crazy_yiuf_cottage, uniq_ijyb
D:4:      layout_gridville
D:5:      layout_rooms, minmay_temple_entry_butterflies,
          minmay_manual_monstrance

Skill      XL: |  1  2  3  4  5 |
---------------+----------------+-----
Shields        | 4 |  4.4
Fighting       | 4 |  4.8
Armour         | 4 5 |  5.6
Long Blades    | 3 4 5 |  5.6
Dodging        | |  0.9
Unarmed Combat | |  0.7

Action                   |  1- 3 |  4- 6 || total
-------------------------+-------+-------++-------
Melee: Long sword        |    77 |    90 ||   167
       Headbutt          |    12 |    13 ||    25
       Unarmed           |       |     7 ||     7
  Use: Scroll            |     2 |     8 ||    10
       Potion            |     1 |     2 ||     3
Armor: Scale mail        |    35 |     5 ||    40
       Plate armour      |       |    53 ||    53
       Skin              |       |     1 ||     1
Dodge: Dodged            |    39 |    24 ||    63
Block: Buckler           |    19 |    24 ||    43
